 Dungeon Crawl Stone Soup version 0.26.0-10-g1f06aea511 (webtiles) character file.

Game seed: 1546150492113927940

743 MisterFreud the Conjurer (level 7, 0/46 HPs)
             Began as a Demonspawn Conjurer on Jan 31, 2021.
             Was an Initiate of Sif Muna.
             Slain by Maggie
             ... wielding a +1 vorpal broad axe
              (14 damage)
             ... on level 7 of the Dungeon.
             The game lasted 00:12:45 (7378 turns).

MisterFreud the Conjurer (Demonspawn Conjurer)      Turns: 7378, Time: 00:12:45

Health: 0/46       AC:  3    Str:  7    XL:     7   Next: 47%
Magic:  3/11       EV: 12    Int: 22    God:    Sif Muna [......]
Gold:   303        SH:  4    Dex: 11    Spells: 7/12 levels left

rFire    . . .     SeeInvis .   m - +1 whip (venom)
rCold    . . .     Faith    .   n - +0 buckler
rNeg     . . .     Spirit   .   x - +0 robe
rPois    .         Reflect  .   g - +0 helmet
rElec    .         Harm     .   (no cloak)
rCorr    .         Rampage  .   (gloves unavailable)
Will     .....                  (no boots)
Stlth    +++.......             (no amulet)
HPRegen  0.15/turn              q - ring of stealth
MPRegen  0.12/turn              (no ring)

@: mighty, flying, mesmerised
A: claws 3, miasma immunity
a: Renounce Religion


You were on level 7 of the Dungeon.
You worshipped Sif Muna.
Sif Muna was noncommittal.
You visited 2 branches of the dungeon, and saw 8 of its levels.
You also visited: Sewer.

You collected 303 gold pieces.

Inventory:

Hand Weapons
 m - a +1 whip of venom (weapon)
Missiles
 u - 24 poisoned darts
 w - 3 boomerangs
Armour
 a - a +0 robe
 g - a +0 helmet (worn)
 n - a +0 buckler (worn)
 x - a +0 robe (worn)
Magical Staves
 I - an uncursed staff of death
Jewellery
 q - a ring of stealth (left claw)
 K - a +6 ring of strength {unknown}
Wands
 d - a wand of iceblast (5)
 o - a wand of flame (10)
 p - a wand of random effects (18)
 L - a wand of acid (5)
Scrolls
 c - 5 scrolls of blinking {unknown}
 e - a scroll of enchant armour {unknown}
 h - 7 scrolls of teleportation
 i - 3 scrolls of remove curse
 y - a scroll of magic mapping {unknown}
 z - 4 scrolls of fog {unknown}
 F - 2 scrolls of random uselessness {unknown}
 G - a scroll of immolation {unknown}
 H - a scroll of identify {unknown}
 J - a scroll of enchant weapon {unknown}
Potions
 b - a potion of experience {unknown}
 f - a potion of lignification {unknown}
 j - 2 potions of flight
 k - a potion of mutation {unknown}
 l - a potion of degeneration {unknown}
 r - 3 potions of brilliance {unknown}
 s - 2 potions of cancellation {unknown}
 t - a potion of resistance {unknown}
 v - 3 potions of curing
 A - 2 potions of heal wounds {unknown}
 B - 4 potions of might
 C - a potion of magic {unknown}
 D - a potion of haste {unknown}
 E - a potion of ambrosia {unknown}


   Skills:
 - Level 1.7 Dodging
 - Level 1.7 Stealth
 - Level 4.0 Shields
 + Level 3.0 Spellcasting
 + Level 7.2 Conjurations
 + Level 2.1 Hexes


You had 7 spell levels left.
You knew the following spells:

 Your Spells              Type           Power        Failure   Level
a - Magic Dart            Conj           100%         1%          1
b - Fulminant Prism       Conj/Hex       11%          19%         4

Your spell library contained the following spells:

 Spells                   Type           Power        Failure   Level
 Searing Ray              Conj           70%          1%          2
 Dazzling Flash           Conj/Hex       46%          5%          3
 Iskenderun's Mystic Bla  Conj/Tloc      19%          28%         4


Dungeon Overview and Level Annotations

Branches:
Dungeon (7/15)             Temple (1/1) D:6           Sewer (visited)

Altars:
Fedhas
Hepliaklqana
Kikubaaqudgha
Makhleb
Okawaru
Sif Muna
Vehumet
Wu Jian
The Shining One

Annotations:
D:7 Maggie


Innate Abilities, Weirdness & Mutations

You have claws for hands.
You are immune to miasma.


Message History

Maggie gestures at you while chanting. The bolt of fire hits you!
* * * LOW HITPOINT WARNING * * *
You hit Maggie.
Maggie is heavily wounded.
Maggie hits you with a +1 vorpal broad axe.
* * * LOW HITPOINT WARNING * * *
x2 It was a potion of might.
You feel very mighty all of a sudden.
Maggie mumbles some strange words.
Maggie attempts to bespell you!
You are mesmerised by Maggie!
Your magical contamination has completely faded away.
It was a potion of curing.
You feel better. Maggie closely misses you.
It was a potion of flight.
You feel very buoyant.
You fly up into the air.
A shadow imp comes into view.
Maggie hits you with a +1 vorpal broad axe!
You die...

... ..5 #.. #.#
######## #.#
#......# #.#
#.####.# #@#
#.# #.# #@# #.#
#.# #.# #.# #.#
#.# #.# #.# #.#
#.####.# #.#
#.#....#
##.#####.#.##.#
#........#...<#
###############


You could see Maggie (mesmerising, poisoned) and a shadow imp.

Vanquished Creatures
  2 bullfrogs (Sewer)
  A scorpion (D:5)
  An orc priest (D:4)
  An orc wizard (D:4)
  A centaur skeleton (D:5)
  2 worker ants
  Natasha (thrice) (D:2)
  A hound skeleton (D:4)
  A howler monkey zombie (D:5)
  11 adders
  4 gnolls
  5 river rats (Sewer)
  A white imp (D:5)
  An ufetubus (D:6)
  5 worms
  2 leopard geckos
  9 orcs
  6 bats
  4 giant cockroaches
  8 goblins
  4 hobgoblins
  11 jackals
  6 kobolds
  4 quokkas
  14 ball pythons
  8 frilled lizards
  A quokka zombie (D:6)
  27 rats
144 creatures vanquished.

Vanquished Creatures (others)
  A fulminant prism (D:7)
1 creature vanquished.

Grand Total: 145 creatures vanquished

Notes
Turn   | Place    | Note
-------+----------+-------------------------------------------
     0 | D:1      | MisterFreud the Demonspawn Conjurer began the quest for the
                  | Orb.
     0 | D:1      | Reached XP level 1. HP: 13/13 MP: 3/3
    10 | D:1      | You fall into a shaft and drop 1 floor!
   328 | D:1      | Gained mutation: You have sharp fingernails. [demonic
                  | ancestry]
   328 | D:1      | Reached XP level 2. HP: 19/19 MP: 1/5
   927 | D:2      | Reached skill level 5 in Conjurations
   927 | D:2      | Gained mutation: You are immune to miasma. [demonic
                  | ancestry]
   927 | D:2      | Reached XP level 3. HP: 24/24 MP: 1/6
  1468 | D:2      | Noticed Natasha
  1472 | D:2      | Killed Natasha
  1473 | D:2      | Reached XP level 4. HP: 30/30 MP: 2/7
  1642 | D:2      | Found a hazy altar of Hepliaklqana.
  1759 | D:2      | Noticed Natasha
  1763 | D:2      | Killed Natasha
  1892 | D:2      | Found an ornate altar of the Wu Jian Council.
  1961 | D:2      | Noticed Natasha
  1969 | D:2      | Killed Natasha
  1970 | D:2      | Reached skill level 1 in Shields
  2409 | D:3      | Reached skill level 6 in Conjurations
  2778 | D:3      | Gained mutation: You have very sharp fingernails. [demonic
                  | ancestry]
  2778 | D:3      | Reached XP level 5. HP: 35/35 MP: 2/8
  3155 | D:4      | Found a glowing drain.
  3225 | Sewer    | Entered a sewer
  3231 | Sewer    | Learned a level 4 spell: Fulminant Prism
  4171 | Sewer    | Gained mutation: You have claws for hands. [demonic
                  | ancestry]
  4171 | Sewer    | Reached XP level 6. HP: 21/41 MP: 3/9
  5621 | D:4      | Reached XP level 7. HP: 41/46 MP: 6/10
  5850 | D:4      | Found an ancient bone altar of Kikubaaqudgha.
  5984 | D:5      | Entered Level 5 of the Dungeon
  5997 | D:5      | Reached skill level 1 in Hexes
  6283 | D:5      | Reached skill level 7 in Conjurations
  7254 | D:6      | Found a staircase to the Ecumenical Temple.
  7268 | Temple   | Entered the Ecumenical Temple
  7282 | Temple   | Became a worshipper of Sif Muna the Loreminder
  7361 | D:7      | Noticed Maggie
  7378 | D:7      | Slain by Maggie

Illustrated notes

Levels and vault maps discovered:
D:1:      minmay_arrival_four_houses, layout_basic, serial_park_tiny_1
D:2:      layout_basic, nzn_wu_jian_council_hall, nzn_hepliaklqana_mist_gate,
          uniq_natasha
D:3:      layout_loops_ring
D:4:      minmay_inner_zag, layout_layer_cave, lemuel_coloured_pillars_altar,
          gup_sewer_entry_glass, small_statue_intersection, grunt_decor_cap
D:5:      layout_basic
D:6:      minmay_klotski, layout_rooms, minmay_temple_entry_junction
D:7:      layout_basic, grunt_dithmenos_smoke, serial_bayou_crossing,
          uniq_maggie
Temple:   eino_temple_water

Skill      XL: |  1  2  3  4  5  6  7 |
---------------+----------------------+-----
Conjurations   | 5 6 7 |  7.2
Shields        | 1 3 4 |  4.0
Hexes          | 2 |  2.1
Spellcasting   | 3 |  3.0
Dodging        | |  1.7
Stealth        | |  1.7

Action                   |  1- 3 |  4- 6 |  7- 9 || total
-------------------------+-------+-------+-------++-------
Melee: Short sword       |    13 |       |       ||    13
       Unarmed           |     1 |       |       ||     1
       Whip              |       |    40 |    18 ||    58
 Cast: Magic Dart        |    72 |   175 |    81 ||   328
       Fulminant Prism   |       |       |     1 ||     1
  Use: Scroll            |       |     2 |       ||     2
       Potion            |       |       |     3 ||     3
 Stab: Sleeping          |       |     1 |       ||     1
Armor: Robe              |     4 |    15 |     5 ||    24
Dodge: Dodged            |    16 |    48 |    13 ||    77
Block: Buckler           |       |    13 |     5 ||    18
